AoeStats
← Toxic_Lightning_Farts75

Black Forest

509463510Analyzed
2v2 RM · 4d ago on Sep 26, 2026· 41m 12s· 4 players
Game mode
Random Map
Map size
Medium (4 player)
Population
200
Speed
Normal
Resources
Standard
Victory
Conquest
Starting age
Dark Age
Ending age
Imperial Age
RankedLock teamsTeams togetherTeam positionsShared explorationLock speedFull tech treeHidden civsTurbo modeCheats
Victory
Defeat
🇺🇸 Britons · United States
638
+15
🇫🇷 Armenians · France
627
+16
🇺🇸 Britons · United States
639
-16
🇺🇸 Britons · United States
612
-15
FunkyBiz
0:43 Loom
13:25 Feudal Age
14:41 Wheelbarrow
13:53 Town Watch
14:13 Double-Bit Axe
16:33 Horse Collar
27:24 Castle Age
27:01 Stone Mining
27:04 Gold Mining
29:21 Hand Cart
33:00 Bow Saw
33:03 Heavy Plow
37:10 Padded Archer Armor
37:01 Fletching
37:44 Yeomen
40:24 Imperial Age
37:52 Pikeman
38:56 Bodkin Arrow
39:18 Leather Archer Armor
mrwooten
1:37 Loom
12:58 Feudal Age
14:14 Wheelbarrow
16:17 Double-Bit Axe
17:18 Horse Collar
25:53 Castle Age
24:17 Forging
24:13 Scale Barding Armor
27:01 Bow Saw
27:10 Hand Cart
28:17 Stone Mining
33:17 Town Watch
33:59 Caravan
39:17 Imperial Age
37:15 Heavy Plow
38:46 Man-at-Arms
38:49 Pikeman
39:18 Gambesons
39:35 Squires
40:18 Iron Casting
39:44 Scale Mail Armor
39:35 Fletching
39:45 Padded Archer Armor
40:13 Long Swordsman
40:59 Two-Handed Swordsman
Toxic_Lightning_Farts75
12:30 Feudal Age
19:22 Castle Age
18:32 Stone Mining
18:33 Gold Mining
18:33 Double-Bit Axe
27:54 Wheelbarrow
27:48 Horse Collar
33:17 Imperial Age
31:32 Gold Shaft Mining
31:24 Heavy Plow
31:25 Murder Holes
32:45 Fletching
32:56 Padded Archer Armor
32:19 Crossbowman
33:39 Bodkin Arrow
34:22 Leather Archer Armor
34:54 Caravan
35:14 Hand Cart
34:49 Town Watch
35:33 Yeomen
35:42 Bow Saw
36:02 Bracer
37:00 Ring Archer Armor
36:42 Forging
36:32 Scale Mail Armor
37:23 Ballistics
38:04 Chemistry
37:58 Fervor
37:53 Elite Longbowman
39:15 Husbandry
39:05 Arson
39:21 Squires
39:27 Town Patrol
39:25 Loom
41:54 Iron Casting
41:34 Chain Mail Armor
41:24 Scale Barding Armor
40:42 Cavalier
natzoc.acvs
2:37 Loom
10:31 Feudal Age
10:57 Horse Collar
11:09 Double-Bit Axe
11:06 Horse Collar
13:39 Wheelbarrow
13:18 Man-at-Arms
15:46 Scale Mail Armor
17:25 Gold Mining
18:42 Forging
23:45 Castle Age
22:39 Stone Mining
23:06 Padded Archer Armor
22:57 Fletching
23:07 Arson
22:44 Long Swordsman
24:47 Hand Cart
24:43 Heavy Plow
24:55 Elite Skirmisher
25:39 Caravan
25:54 Bow Saw
28:16 Ballistics
28:30 Squires
28:54 Town Watch
29:06 Town Watch
29:22 Treadmill Crane
29:37 Two-Handed Swordsman
30:55 Iron Casting
30:36 Chain Mail Armor
30:37 Leather Archer Armor
30:17 Bodkin Arrow
31:45 Murder Holes
32:35 Town Patrol
32:13 Champion
33:47 Scale Barding Armor
40:47 Imperial Age
42:10 Plate Mail Armor
42:41 Blast Furnace
41:08 Capped Ram
Connection lost

Rejoining the realm…

Still unreachable

The connection could not be restored.

Session expired

The server has moved on; the page needs a fresh start.